 Dungeon Crawl Stone Soup version 0.30-a0-726-gd89dcf765f (webtiles) character file.

Game seed: 11574960961665405660

572 M4edhros the Martial Artist (level 7, 0/46 HPs)
             Began as an Octopode Monk on Jan 29, 2023.
             Was a Believer of Cheibriados.
             Killed by nerve-wracking pain
             ... invoked by Grinder
              (7 damage)
             ... on level 5 of the Dungeon.
             The game lasted 00:10:29 (2445 turns).

M4edhros the Martial Artist (Octopode Monk)         Turns: 2445, Time: 00:10:29

Health: 0/46       AC:  1    Str: 16    XL:     7   Next: 34%
Magic:  7/7        EV: 17    Int: 19    God:    Cheibriados [**....]
Gold:   107        SH:  0    Dex: 22    Spells: 3/6 levels left

rFire   + . .      SeeInvis +      - Unarmed
rCold   . . .      Faith    .    (no shield)
rNeg    . . .      Spirit   .    (helmet restricted)
rPois   .          Reflect  .    (no amulet)
rElec   .          Harm     .    l - ring of protection from fire
rCorr   .          Rampage  .    m - +5 ring of evasion
Will    .....                    j - ring of see invisible
Stlth   ++++                     (no ring)
HPRegen 0.27/turn                (no ring)
MPRegen 0.10/turn                (no ring)
                                 (no ring)
                                 (no ring)

@: mighty, grasped by roots, constricted, very slow
A: almost no armour, amphibious, 8 rings, camouflage 1, gelatinous body 1,
(nimble swimmer 1), tentacles
a: Renounce Religion, Bend Time


You were on level 5 of the Dungeon.
You worshipped Cheibriados.
Cheibriados was pleased with you.
You visited 2 branches of the dungeon, and saw 7 of its levels.

You collected 296 gold pieces.
You spent 189 gold pieces at shops.

Inventory:

Hand Weapons
 y - a +2 mace of protection
Missiles
 c - 4 poisoned darts (quivered)
Jewellery
 j - a ring of see invisible (on tentacle)
 l - a ring of protection from fire (left tentacle)
 m - a +5 ring of evasion (right tentacle)
Scrolls
 b - 3 scrolls of blinking
 d - 2 scrolls of fear {unknown}
 e - 2 scrolls of immolation {unknown}
 f - a scroll of amnesia {unknown}
 g - a scroll of butterflies {unknown}
 h - 2 scrolls of enchant weapon {unknown}
 i - a scroll of vulnerability {unknown}
 n - 7 scrolls of identify {unknown}
 p - a scroll of poison {unknown}
 w - 3 scrolls of teleportation
 x - 3 scrolls of magic mapping {unknown}
Potions
 a - 2 potions of ambrosia
 k - a potion of cancellation
 q - 2 potions of attraction
 r - a potion of curing {unknown}
 s - 2 potions of mutation {unknown}
 t - a potion of flight {unknown}
 u - a potion of brilliance {unknown}
 z - a potion of lignification {unknown}


   Skills:
 - Level 3.0 Fighting
 - Level 3.0 Dodging
 - Level 2.6 Stealth
 + Level 8.2 Unarmed Combat
 + Level 0.2 Conjurations
 + Level 0.1 Air Magic
 + Level 0.2 Poison Magic


You had 3 spell levels left.
You knew the following spells:

 Your Spells              Type           Power      Damage    Failure   Level
a - Mephitic Cloud        Conj/Pois/Air  0%         N/A       50%         3

Your spell library contained the following spells:

 Spells                   Type           Power      Damage    Failure   Level
 Magic Dart               Conj           4%         1d3       19%         1
 Call Imp                 Summ           0%         N/A       30%         2


Dungeon Overview and Level Annotations

Branches:
Dungeon (6/15)             Temple (1/1) D:4

Altars:
Ashenzari
Cheibriados
Elyvilon
Fedhas
Hepliaklqana
Makhleb
Nemelex Xobeh
Okawaru
Qazlal
Ru
Sif Muna
Trog
Uskayaw
Xom
Yredelemnul
Zin
The Shining One

Shops:
D:2 ?   D:3 ?   D:4 *:==*

Annotations:
D:5 Grinder


Innate Abilities, Weirdness & Mutations

You cannot wear most types of armour.
You are amphibious.
You can wear up to eight rings at the same time.
Your skin changes colour to match your surroundings (Stealth+).
Your rubbery body absorbs attacks. (AC +1, EV +1)
((You are camouflaged when in or above water. (Stealth+)))
You have tentacles for arms and can constrict up to eight enemies at once.


Message History

Grinder gestures at you. You resist with significant effort. Grinder hits you!
You writhe in agony.
Grinder attacks as you move away! Grinder hits you!
You writhe in agony.
Grinder closely misses you. Grinder attacks as you move away! Grinder hits you!
* * * LOW HITPOINT WARNING * * *
You writhe in agony.
* * * LOW HITPOINT WARNING * * *
You feel much better. Grinder hits you.
Grinder says, "Tell me all your secrets, or I'll kill you."
Grinder gestures at you. Pain shoots through your body!
* * * LOW HITPOINT WARNING * * *
There is a stone staircase leading up here.
Grinder misses you.
You climb upwards.
There is a stone staircase leading down here.
You feel much better.
Grinder blinks!
It was a potion of might.
You feel very mighty all of a sudden.
You aren't carrying any items that you can evoke.
Grinder blinks!
Grinder zaps a wand.
The roots erupt in riotous growth!
The grasping roots grab you! The grasping roots constrict you! x2
You hear a howl!
You escape the roots grasp.
Grinder zaps a wand.
The roots erupt in riotous growth!
The grasping roots grab you! The grasping roots constrict you!
* * * LOW HITPOINT WARNING * * *
You escape the roots grasp.
Grinder zaps a wand.
The roots erupt in riotous growth!
The grasping roots grab you!
The now-empty wand crumbles to dust.
The grasping roots constrict you.
* * * LOW HITPOINT WARNING * * *
Grinder gestures at you. Pain shoots through your body!
You die...

.#..##...........................
....# #..................##......
.#..## #..............#..####....
.....# #............##..###.....
##...# ###...##...........#...##.
###.###....####)5............#..
####[.##..................##....<
#.#..............>....#####......
......<..#......@..>...#.....#...
.........#...................###.
.....##..#.....###....#..##### #.
.....#..............####. ##
...................... .
.......................
.......##......#....##.#
.......###...#.# .# ....#..#
#...# #


You could see Grinder.

Vanquished Creatures
  A black bear (D:4)
  2 ogres (D:5)
  A hound (D:4)
  An orc priest (D:4)
  Jessica (D:3)
  2 iguanas (D:4)
  An orc wizard (D:4)
  6 adders
  A worm (D:2)
  2 dart slugs
  6 orcs
  4 ball pythons
  6 endoplasms
  5 giant cockroaches
  12 goblins
  7 hobgoblins
  4 jackals (D:4)
  4 quokkas
  5 bats
  2 frilled lizards
  10 kobolds
  6 rats
89 creatures vanquished.

Notes
Turn   | Place    | Note
-------+----------+-------------------------------------------
     0 | D:1      | M4edhros the Octopode Monk began the quest for the Orb.
     0 | D:1      | Reached XP level 1. HP: 16/16 MP: 1/1
   164 | D:1      | Reached XP level 2. HP: 21/21 MP: 2/2
   286 | D:2      | Found Visit's Magic Scroll Boutique.
   329 | D:3      | Reached skill level 4 in Unarmed Combat
   345 | D:3      | Found Readun's Magic Scroll Shoppe.
   420 | D:3      | Noticed Jessica
   430 | D:3      | Killed Jessica
   431 | D:3      | Reached XP level 3. HP: 11/26 MP: 3/3
   435 | D:3      | Found a shimmering blue altar of Sif Muna.
   497 | D:3      | Reached XP level 4. HP: 26/31 MP: 4/4
   615 | D:4      | Noticed a black bear
   624 | D:4      | Killed a black bear
   625 | D:4      | Reached skill level 5 in Unarmed Combat
   625 | D:4      | Reached XP level 5. HP: 20/36 MP: 5/5
   770 | D:4      | Found a basalt altar of Yredelemnul.
   770 | D:4      | Found a hazy altar of Hepliaklqana.
   776 | D:4      | Reached skill level 6 in Unarmed Combat
   913 | D:4      | Found Goudd's Assorted Antiques.
   914 | D:4      | Found Tosh's Jewellery Emporium.
   914 | D:4      | Found Aniokha's Book Emporium.
   917 | D:4      | Found Etuec's Jewellery Emporium.
   966 | D:5      | Entered Level 5 of the Dungeon
   995 | D:5      | Noticed an ogre
  1055 | D:5      | Noticed an ogre
  1064 | D:5      | Killed an ogre
  1065 | D:5      | Reached XP level 6. HP: 42/42 MP: 6/6
  1094 | D:5      | Reached skill level 7 in Unarmed Combat
  1174 | D:4      | Found Iley's Elemental Accessories.
  1197 | D:4      | Found a glowing golden altar of the Shining One.
  1316 | D:4      | Reached XP level 7. HP: 45/46 MP: 7/7
  1330 | D:4      | Found a staircase to the Ecumenical Temple.
  1369 | Temple   | Entered the Ecumenical Temple
  1521 | D:2      | Reached skill level 8 in Unarmed Combat
  1639 | Temple   | Became a worshipper of Cheibriados the Contemplative
  1639 | Temple   | Reached * piety under Cheibriados
  1639 | Temple   | Reached ** piety under Cheibriados
  1976 | D:2      | Bought a scroll of blinking for 105 gold pieces
  1976 | D:2      | Bought a scroll of teleportation for 42 gold pieces
  1976 | D:2      | Bought a scroll of teleportation for 42 gold pieces
  2108 | D:2      | Learned a level 3 spell: Mephitic Cloud
  2206 | D:3      | Found a white marble altar of Elyvilon.
  2429 | D:6      | Noticed Grinder
  2445 | D:5      | Killed from afar by Grinder

Illustrated notes

Levels and vault maps discovered:
D:1:      minmay_arrival_widening_spiral_wide, layout_basic
D:2:      layout_basic, serial_shops, shop, minmay_tetromino_i2
D:3:      cheibrodos_greedy_goblins, layout_basic, elyvilon_altar_4,
          tgw_kikubaaqudgha, tgw_sif, serial_shops,
          nicolae_shop_temple_entry_statues_fountains
D:4:      layout_basic, gammafunk_temple_overflow_pools, lemuel_round_altar,
          minmay_temple_entry_statues_fountains, nicolae_elemental_shop,
          minmay_shop_grid_forest
D:5:      layout_cave_pools
D:6:      layout_rooms, grunt_gozag_breadcrumbs, uniq_grinder
Temple:   minmay_temple_bridge_abc

Skill      XL: |  1  2  3  4  5  6  7 |
---------------+----------------------+-----
Unarmed Combat | 4 5 6 7 8 |  8.2
Fighting       | |  3.0
Dodging        | |  3.0
Stealth        | |  2.6
Conjurations   | |  0.2
Air Magic      | |  0.1
Poison Magic   | |  0.2

Action                     |  1- 3 |  4- 6 |  7- 9 || total
---------------------------+-------+-------+-------++-------
  Melee: Unarmed           |    50 |    56 |    61 ||   167
         Constrict         |    14 |    13 |    17 ||    44
         Tentacles         |    14 |    15 |    14 ||    43
         Punch             |     2 |     8 |     6 ||    16
    Use: Potion            |       |     5 |     3 ||     8
   Stab: Sleeping          |     4 |     3 |    15 ||    22
         Distracted        |     1 |       |     1 ||     2
 Armour: Skin              |     7 |     2 |       ||     9
  Dodge: Dodged            |    27 |    47 |    35 ||   109

Table legend: (Time is in decaauts)
 A = Elapsed time spent in this place.
 B = Non-inter-level travel time spent in this place.
 C = Inter-level travel time spent in this place.
 D = Time resting spent in this place.
 E = Time spent auto-exploring this place.
 F = Levels seen in this place.
 G = Mean time per level.
                   A        B        C        D        E       F      G
               +--------+--------+--------+--------+--------+-----+--------+
         Total |   2767 |   2270 |    497 |      0 |    563 |   7 |  395.3 |
       Dungeon |   2663 |   2231 |    432 |      0 |    563 |   6 |  443.8 |
        Temple |    104 |     39 |     65 |      0 |      0 |   1 |  104.0 |
               +--------+--------+--------+--------+--------+-----+--------+

Top non-repeatable levels by time:
     D:4: 838 daAuts
     D:1: 530 daAuts
     D:2: 514 daAuts
     D:3: 486 daAuts
     D:5: 283 daAuts
  Temple: 104 daAuts
     D:6: 12 daAuts
